TOP OF THE 1ST |
Madison Bombers batting - Pitching for Boston Rebels : RHP Martín Ramírez
|
Pitching: RHP Martín Ramírez
|
|
Batting: LHB Keith Tillman
|
0-0: Foul Ball, location: 2F 0-1: Swinging Strike 0-2: Ball 1-2: Ball 2-2: Ball 3-2: Strikes out swinging
|
Batting: RHB Sergio Márquez
|
0-0: Called Strike 0-1: Ball 1-1: Called Strike 1-2: Ball 2-2: Foul Ball, location: 2F 2-2: Strikes out swinging
|
Batting: LHB Sixto Cantú
|
0-0: Ball 1-0: Ball 2-0: Foul Ball, location: 2F 2-1: Ball 3-1: Foul Ball, location: 2F 3-2: Strikes out swinging
|
Top of the 1st over - 0 run(s), 0 hit(s), 0 error(s), 0 left on base; Madison 0 - Boston 0 |
BOTTOM OF THE 1ST |
Boston Rebels batting - Pitching for Madison Bombers : RHP Roberto Reyes
|
Pitching: RHP Roberto Reyes
|
|
Batting: LHB Bill Wilson
|
0-0: Called Strike 0-1: DOUBLE (Flyball, 7D)
|
Batting: SHB Álex Rosado
|
0-0: Swinging Strike 0-1: Ground out 1-3 (Groundball, 15)
|
Batting: RHB Ronnie Brown
|
0-0: Ball 1-0: Called Strike 1-1: Ball 2-1: Foul Ball, location: 2F 2-2: 2-RUN HOME RUN (Flyball, 89XD), Distance : 436 ft
|
Batting: LHB Félix Gómez
|
0-0: Ground out 1-3 (Groundball, 15)
|
Batting: SHB Javier Villegas
|
0-0: Ball 1-0: Called Strike 1-1: Swinging Strike 1-2: Strikes out swinging
|
Bottom of the 1st over - 2 run(s), 2 hit(s), 0 error(s), 0 left on base; Madison 0 - Boston 2 |
TOP OF THE 2ND |
Madison Bombers batting - Pitching for Boston Rebels : RHP Martín Ramírez
|
Batting: LHB Dave Williams
|
0-0: Foul Ball, location: 2F 0-1: Foul Ball, location: 2F 0-2: Ball 1-2: Foul Ball, location: 2F 1-2: Fly out, F4 (Popup, 4M)
|
Batting: SHB Jorge Flores
|
0-0: SINGLE (Groundball, 34D)
|
Batting: LHB José Santos
|
0-0: Ball 1-0: Ball 2-0: Grounds out, U3 (Groundball, 3L)
|
Batting: SHB Derek Roach
|
0-0: Called Strike 0-1: Ball 1-1: Called Strike 1-2: Ball 2-2: SINGLE (Line Drive, 6D) Jorge Flores to third Runner from 3rd tries for Home, SAFE, no throw or cutoff
|
Batting: LHB Avery Hopkins
|
0-0: Called Strike 0-1: Ground out U3 (Groundball, 3L)
|
Top of the 2nd over - 1 run(s), 2 hit(s), 0 error(s), 1 left on base; Madison 1 - Boston 2 |
BOTTOM OF THE 2ND |
Boston Rebels batting - Pitching for Madison Bombers : RHP Roberto Reyes
|
Batting: RHB Wilson Gómez
|
0-0: Fly out, F4 (Popup, 8RS)
|
Batting: LHB Lorenzo Flores
|
0-0: Ball 1-0: Foul Ball, location: 2F 1-1: Swinging Strike 1-2: SINGLE (Line Drive, 8RS)
|
Batting: LHB Tony Ramírez
|
0-0: Grounds into double play, 6-4-3 (Groundball, 6)
|
Bottom of the 2nd over - 0 run(s), 1 hit(s), 0 error(s), 0 left on base; Madison 1 - Boston 2 |
TOP OF THE 3RD |
Madison Bombers batting - Pitching for Boston Rebels : RHP Martín Ramírez
|
Batting: SHB Michael McDonald
|
0-0: Ground out 4-3 (Groundball, 4)
|
Batting: LHB Keith Tillman
|
0-0: Ball 1-0: Ball 2-0: Foul Ball, location: 2F 2-1: Called Strike 2-2: Foul Ball, location: 2F 2-2: Strikes out swinging
|
Batting: RHB Sergio Márquez
|
0-0: SINGLE (Groundball, 6MD)
|
Batting: LHB Sixto Cantú
|
0-0: Called Strike 0-1: Ball 1-1: Ground out 5-3 (Groundball, 56)
|
Top of the 3rd over - 0 run(s), 1 hit(s), 0 error(s), 1 left on base; Madison 1 - Boston 2 |
BOTTOM OF THE 3RD |
Boston Rebels batting - Pitching for Madison Bombers : RHP Roberto Reyes
|
Batting: RHB Rubén Matos
|
0-0: SINGLE (Groundball, 13) (infield hit)
|
Batting: LHB Bill Wilson
|
0-0: Ball 1-0: SINGLE (Groundball, 6MD) Rubén Matos to second
|
Batting: SHB Álex Rosado
|
0-0: Called Strike 0-1: Ball 1-1: Fly out, F7 (Flyball, 8LS)
|
Batting: RHB Ronnie Brown
|
0-0: Ball 1-0: Ball 2-0: Ground out 4-3 (Groundball, 4M) Rubén Matos to third Bill Wilson to second
|
Batting: LHB Félix Gómez
|
0-0: Ball 1-0: Ball 2-0: Called Strike 2-1: Ball 3-1: Ground out 1-3 (Groundball, 15)
|
Bottom of the 3rd over - 0 run(s), 2 hit(s), 0 error(s), 2 left on base; Madison 1 - Boston 2 |
TOP OF THE 4TH |
Madison Bombers batting - Pitching for Boston Rebels : RHP Martín Ramírez
|
Batting: LHB Dave Williams
|
0-0: Ground out 4-3 (Groundball, 4MS)
|
Batting: SHB Jorge Flores
|
0-0: Called Strike 0-1: Foul Ball, location: 2F 0-2: Ball 1-2: Ground out 3-1 (Groundball, 34)
|
Batting: LHB José Santos
|
0-0: Ball 1-0: SINGLE (Line Drive, 5D)
|
Batting: SHB Derek Roach
|
0-0: SINGLE (Groundball, 5D) José Santos to second
|
Batting: LHB Avery Hopkins
|
0-0: Ball 1-0: Ball 2-0: Ball 3-0: Called Strike 3-1: Swinging Strike 3-2: Strikes out looking
|
Top of the 4th over - 0 run(s), 2 hit(s), 0 error(s), 2 left on base; Madison 1 - Boston 2 |
BOTTOM OF THE 4TH |
Boston Rebels batting - Pitching for Madison Bombers : RHP Roberto Reyes
|
Batting: SHB Javier Villegas
|
0-0: Foul Ball, location: 2F 0-1: Hit by Pitch
|
Batting: RHB Wilson Gómez
|
0-0: Fielders Choice at 2nd, 1-6 (Groundball, 13)
|
Batting: LHB Lorenzo Flores
|
0-0: Swinging Strike 0-1: Fly out, F8 (Flyball, 8RXD)
|
Batting: LHB Tony Ramírez
|
0-0: Hit by Pitch Wilson Gómez to second
|
Batting: RHB Rubén Matos
|
0-0: Ball 1-0: Called Strike 1-1: Ball 2-1: Ball 3-1: Foul Ball, location: 2F 3-2: Foul Ball, location: 2F 3-2: Base on Balls Wilson Gómez to third Tony Ramírez to second
|
Batting: LHB Bill Wilson
|
0-0: Ball 1-0: Ball 2-0: Called Strike 2-1: Ball 3-1: Base on Balls Wilson Gómez scores Tony Ramírez to third Rubén Matos to second
|
Batting: SHB Álex Rosado
|
0-0: Ball 1-0: Swinging Strike 1-1: Swinging Strike 1-2: Strikes out swinging
|
Bottom of the 4th over - 1 run(s), 0 hit(s), 0 error(s), 3 left on base; Madison 1 - Boston 3 |
TOP OF THE 5TH |
Madison Bombers batting - Pitching for Boston Rebels : RHP Martín Ramírez
|
Batting: SHB Michael McDonald
|
0-0: Swinging Strike 0-1: SINGLE (Groundball, 6MD)
|
Batting: LHB Keith Tillman
|
0-0: Swinging Strike 0-1: Ball 1-1: Swinging Strike 1-2: Strikes out looking
|
Batting: RHB Sergio Márquez
|
0-0: Ball 1-0: Swinging Strike 1-1: Swinging Strike 1-2: Foul Ball, location: 2F 1-2: Strikes out swinging
|
Batting: LHB Sixto Cantú
|
0-0: Ball 1-0: Ball 2-0: Called Strike 2-1: Swinging Strike 2-2: Ball 3-2: Base on Balls Michael McDonald to second
|
Batting: LHB Dave Williams
|
0-0: Ball 1-0: Ball 2-0: Foul Ball, location: 2F 2-1: Ball 3-1: Foul Ball, location: 2F Reached via error on a dropped throw, E1 Michael McDonald to third Sixto Cantú to second
|
Batting: SHB Jorge Flores
|
0-0: Ball 1-0: Fly out, F8 (Flyball, 8LD)
|
Top of the 5th over - 0 run(s), 1 hit(s), 1 error(s), 3 left on base; Madison 1 - Boston 3 |
BOTTOM OF THE 5TH |
Boston Rebels batting - Pitching for Madison Bombers : RHP Roberto Reyes
|
Batting: RHB Ronnie Brown
|
0-0: Ball 1-0: Swinging Strike 1-1: Ball 2-1: Ball 3-1: Called Strike 3-2: Ground out 3-1 (Groundball, 3)
|
Batting: LHB Félix Gómez
|
0-0: Foul Ball, location: 2F 0-1: Ball 1-1: Ball 2-1: DOUBLE (Line Drive, 9LM)
|
Batting: SHB Javier Villegas
|
0-0: Called Strike 0-1: Foul Ball, location: 2F 0-2: Ball 1-2: Strikes out looking
|
Batting: RHB Wilson Gómez
|
0-0: Called Strike 0-1: Ball 1-1: Ball 2-1: Fly out, F6 (Line Drive, 6)
|
Bottom of the 5th over - 0 run(s), 1 hit(s), 0 error(s), 1 left on base; Madison 1 - Boston 3 |
TOP OF THE 6TH |
Madison Bombers batting - Pitching for Boston Rebels : RHP Martín Ramírez
|
Batting: LHB José Santos
|
0-0: Ground out 3-1 (Groundball, 34)
|
Batting: SHB Derek Roach
|
0-0: Called Strike 0-1: Ground out 5-3 (Groundball, 5D)
|
Batting: LHB Avery Hopkins
|
0-0: Ball 1-0: Called Strike 1-1: SINGLE (Line Drive, 34)
|
Batting: SHB Michael McDonald
|
0-0: Ball 1-0: Ball 2-0: Called Strike 2-1: Ball 3-1: Called Strike 3-2: Reached on error, E1 (Groundball, 15S) Avery Hopkins to third
|
Batting: LHB Keith Tillman
|
0-0: Ball 1-0: Fly out, F7 (Flyball, 78S)
|
Top of the 6th over - 0 run(s), 1 hit(s), 1 error(s), 2 left on base; Madison 1 - Boston 3 |
BOTTOM OF THE 6TH |
Boston Rebels batting - Pitching for Madison Bombers : RHP Roberto Reyes
|
Batting: LHB Lorenzo Flores
|
0-0: Fly out, F7 (Flyball, 7LD)
|
Batting: LHB Tony Ramírez
|
0-0: Ball 1-0: Called Strike 1-1: SINGLE (Groundball, 6MD)
|
Batting: RHB Rubén Matos
|
0-0: Ball 1-0: Foul Ball, location: 2F 1-1: Fly out, F6 (Line Drive, 6M)
|
Batting: LHB Bill Wilson
|
0-0: Ball 1-0: Ball 2-0: Ball 3-0: Base on Balls Tony Ramírez to second
|
Batting: SHB Álex Rosado
|
0-0: Ball 1-0: Ground out 1-3 (Groundball, 15S)
|
Bottom of the 6th over - 0 run(s), 1 hit(s), 0 error(s), 2 left on base; Madison 1 - Boston 3 |
TOP OF THE 7TH |
Madison Bombers batting - Pitching for Boston Rebels : RHP Martín Ramírez
|
Pitching: RHP Alberto Bonilla
|
|
Batting: RHB Sergio Márquez
|
0-0: SINGLE (Line Drive, 4D)
|
Pitching: LHP Yoshihiro Hasegawa
|
|
Batting: LHB Sixto Cantú
|
0-0: Called Strike 0-1: Ball 1-1: Ball 2-1: 2-RUN HOME RUN (Flyball, 78XD), Distance : 440 ft
|
Pitching: LHP António Alvarado
|
|
Batting: LHB Dave Williams
|
0-0: Called Strike 0-1: Swinging Strike 0-2: Ball 1-2: Strikes out swinging
|
Batting: SHB Jorge Flores
|
0-0: Ball 1-0: Ground out 5-3 (Groundball, 5S)
|
Batting: LHB José Santos
|
0-0: Ball 1-0: Swinging Strike 1-1: Called Strike 1-2: Foul Ball, location: 2F 1-2: Ball 2-2: Strikes out looking
|
Top of the 7th over - 2 run(s), 2 hit(s), 0 error(s), 0 left on base; Madison 3 - Boston 3 |
BOTTOM OF THE 7TH |
Boston Rebels batting - Pitching for Madison Bombers : RHP Roberto Reyes
|
Batting: RHB Ronnie Brown
|
0-0: Foul Ball, location: 2F 0-1: SINGLE (Groundball, 25) (infield hit)
|
Batting: LHB Félix Gómez
|
0-0: SINGLE (Line Drive, 78S) Ronnie Brown to second
|
Batting: SHB Javier Villegas
|
0-0: Ball 1-0: Called Strike 1-1: Ball 2-1: DOUBLE (Flyball, 78D) Ronnie Brown scores Félix Gómez to third Runner from 3rd tries for Home, SAFE, no throw or cutoff
|
Pitching: RHP Manny Canseco
|
|
Batting: RHB Wilson Gómez
|
0-0: Ball 1-0: Fly out, F7 (Flyball, 7M)
|
Batting: LHB Lorenzo Flores
|
Balk! Javier Villegas to third 0-0: Intentional Walk
|
Pitching: LHP Tim Wilson
|
|
Batting: LHB Tony Ramírez
|
0-0: Ball 1-0: Hit by Pitch Lorenzo Flores to second
|
Batting: RHB Rubén Matos
|
0-0: Grounds into double play, 4-6-3 (Groundball, 4)
|
Bottom of the 7th over - 2 run(s), 3 hit(s), 0 error(s), 2 left on base; Madison 3 - Boston 5 |
TOP OF THE 8TH |
Madison Bombers batting - Pitching for Boston Rebels : LHP António Alvarado
|
Batting: SHB Derek Roach
|
0-0: Called Strike 0-1: Ball 1-1: Called Strike 1-2: Strikes out swinging
|
Batting: LHB Avery Hopkins
|
0-0: Ball 1-0: Foul Ball, location: 2F 1-1: Foul Ball, location: 2F 1-2: Ball 2-2: Ball 3-2: Strikes out swinging
|
Batting: SHB Michael McDonald
|
0-0: Called Strike 0-1: Ball 1-1: Fly out, F8 (Popup, 8LS)
|
Top of the 8th over - 0 run(s), 0 hit(s), 0 error(s), 0 left on base; Madison 3 - Boston 5 |
BOTTOM OF THE 8TH |
Boston Rebels batting - Pitching for Madison Bombers : LHP Tim Wilson
|
Pitching: RHP José Ruíz
|
|
Batting: LHB Bill Wilson
|
0-0: Foul Ball, location: 2F 0-1: Ball 1-1: Ball 2-1: Called Strike 2-2: Fly out, F9 (Flyball, 9LM)
|
Batting: SHB Álex Rosado
|
0-0: Ball 1-0: Called Strike 1-1: Ball 2-1: Called Strike 2-2: Fly out, F9 (Flyball, 9D)
|
Batting: RHB Ronnie Brown
|
0-0: Ball 1-0: Called Strike 1-1: Ball 2-1: Ground out 4-3 (Groundball, 34)
|
Bottom of the 8th over - 0 run(s), 0 hit(s), 0 error(s), 0 left on base; Madison 3 - Boston 5 |
TOP OF THE 9TH |
Madison Bombers batting - Pitching for Boston Rebels : LHP António Alvarado
|
Pitching: RHP António López
|
|
Batting: LHB Keith Tillman
|
0-0: Ball 1-0: Swinging Strike 1-1: Ball 2-1: SINGLE (Line Drive, 89S)
|
Batting: RHB Sergio Márquez
|
0-0: Ball 1-0: Grounds into double play, 1-6-3 (Groundball, 15)
|
Batting: LHB Sixto Cantú
|
0-0: Ball 1-0: Swinging Strike 1-1: Ball 2-1: Ball 3-1: Base on Balls
|
Batting: LHB Dave Williams
|
0-0: Called Strike 0-1: Foul Ball, location: 2F 0-2: Ball 1-2: Ball 2-2: Foul Ball, location: 2F 2-2: Ball 3-2: Strikes out swinging
|
Top of the 9th over - 0 run(s), 1 hit(s), 0 error(s), 1 left on base; Madison 3 - Boston 5 |
|